 Dungeon Crawl Stone Soup version 0.28-a0-1493-g08698888e4 (webtiles) character file.

Game seed: 3830006455348630373

1660 HallandMoats the Skirmisher (level 9, 0/78 HPs)
             Began as a Ghoul Fighter on Jan 12, 2022.
             Was a Follower of Okawaru.
             Slain by an unseen horror (8 damage)
             ... on level 5 of the Dungeon.
             The game lasted 00:07:39 (4675 turns).

HallandMoats the Skirmisher (Ghoul Fighter)         Turns: 4675, Time: 00:07:40

Health: 0/78       AC: 14    Str: 20    XL:     9   Next: 0%
Magic:  11/11      EV:  9    Int:  5    God:    Okawaru [*.....]
Gold:   312        SH:  4    Dex: 10    Spells: 8/8 levels left

rFire   x . .      SeeInvis .   b - +2 whip (elec)
rCold   + + +      Faith    .   c - +0 buckler
rNeg    + + +      Spirit   .   n - +0 ice dragon scales
rPois   ∞          Reflect  .   w - +0 helmet
rElec   .          Harm     .   l - +0 cloak
rCorr   .          Rampage  .   (no gloves)
Will    .....                   m - +0 pair of boots
Stlth   ..........              (no amulet)
HPRegen 0.00/turn               (no ring)
MPRegen 0.12/turn               (no ring)

@: inhibited regen
A: claws 1, cold resistance 1, negative energy resistance 3, inhibited
regeneration, torment resistance 2
a: Renounce Religion, Heroism


You were on level 5 of the Dungeon.
You worshipped Okawaru.
Okawaru was aware of your devotion.
You visited 2 branches of the dungeon, and saw 6 of its levels.
You also visited: Sewer.

You collected 312 gold pieces.

Inventory:

Hand Weapons
 a - a +0 war axe
 b - a +2 whip of electrocution (weapon)
Armour
 c - a +0 buckler (worn)
 g - a +0 scale mail
 l - a +0 cloak (worn)
 m - a +0 pair of boots (worn)
 n - +0 ice dragon scales (worn)
 w - a +0 helmet (worn)
Jewellery
 i - an amulet of regeneration
Wands
 r - a wand of flame (23)
Scrolls
 f - 4 scrolls of identify
 k - a scroll of blinking
 o - a scroll of teleportation {unknown}
 q - a scroll of fear {unknown}
 s - a scroll of holy word {unknown}
 t - a scroll of enchant weapon {unknown}
 v - a scroll of torment {unknown}
Potions
 d - 2 potions of brilliance
 e - a potion of curing
 h - 2 potions of heal wounds
 p - a potion of attraction {unknown}
 u - a potion of ambrosia {unknown}


   Skills:
 * Level 6.6 Fighting
 * Level 5.1 Axes
 + Level 4.3 Armour
 + Level 3.0 Dodging
 + Level 4.2 Shields
 * Level 5.2 Invocations


You had 8 spell levels left.
You didn't know any spells.
Your spell library contained the following spells:

 Spells                   Type           Power      Damage    Failure   Level
 Slow                     Hex            0%         N/A       94%         1
 Confusing Touch          Hex            0%         N/A       100%        3
 Vampiric Draining        Necr           0%         2d6       100%        3


Dungeon Overview and Level Annotations

Branches:
Dungeon (5/15)             Temple (1/1) D:5           Sewer (visited)

Altars:
Ashenzari
Cheibriados
Dithmenos
Elyvilon
Gozag
Hepliaklqana
Kikubaaqudgha
Okawaru
Qazlal
Sif Muna
Trog
Uskayaw
Vehumet
Wu Jian
Xom
Yredelemnul
Zin
The Shining One

Shops:
D:2 =

Annotations:
D:5 3 runed translucent doors


Innate Abilities, Weirdness & Mutations

You thrive by killing the living.
You are immune to poison.
You have sharp fingernails.
Your flesh is cold resistant. (rC+)
You are immune to negative energy. (rN+++)
You do not regenerate when monsters are visible.
You are immune to unholy pain and torment.


Message History

You block something's attack. You block something's attack.
Something hits you but does no damage.
Items here: )) [ †.
Something hits you but does no damage. Something hits you but does no damage.
Something hits you. Something hits you. Something hits you but does no damage.
You block something's attack. Something hits you but does no damage.
Something hits you. Something hits you but does no damage.
Something hits you but does no damage. Something hits you. Something hits you!
* * * LOW HITPOINT WARNING * * *
You closely miss something. Something hits you.
* * * LOW HITPOINT WARNING * * *
Something hits you.
* * * LOW HITPOINT WARNING * * *
You feel much better. You block something's attack.
Something hits you but does no damage. Something hits you. Something hits you.
Something hits you.
You hit something. Something hits you. Something hits you but does no damage.
You hit something. Something hits you but does no damage. Something hits you!
* * * LOW HITPOINT WARNING * * *
Something hits you but does no damage. Something hits you but does no damage.
You block something's attack. Something hits you but does no damage.
You hit something but do no damage. Lightning courses through something!!
Something completely misses you.
You miss something. Something hits you.
* * * LOW HITPOINT WARNING * * *
Something hits you but does no damage.
You hit something. Something hits you!
* * * LOW HITPOINT WARNING * * *
Something hits you!
You die...

#..# #.....### ### #
...####...###.# .. #.
##..........##>####.### #.8
.[#####..........#.#.##.#.
... #######.##.##..#...8
#)##.#...'.... .
#.##..[..#...8
....##########.####...##.#.
..........@....# ##...##.8
################ ##...##.
###..## #..# #.. ##


There were no monsters in sight!

Vanquished Creatures
  Pikel (D:5)
  Grinder (D:4)
  Menkaure (D:5)
  A water moccasin (Sewer)
  A black bear (D:4)
  2 ogres
  A phantom (D:5)
  A lemure (D:5)
  A gnoll sergeant (D:5)
  A scorpion (D:4)
  An orc priest (D:5)
  A centaur zombie (D:3)
  A jelly (D:4)
  An orc wizard (D:5)
  4 gnolls (D:5)
  4 adders
  An ufetubus (D:5)
  2 worms
  A dart slug (D:3)
  2 orcs
  9 ball pythons
  8 endoplasms
  4 giant cockroaches
  8 goblins
  7 hobgoblins
  7 jackals
  6 kobolds
  5 quokkas
  2 bats
  A frilled lizard (D:2)
  A quokka skeleton (D:2)
  4 rats
91 creatures vanquished.

Vanquished Creatures (others)
  A plant (D:2)
1 creature vanquished.

Grand Total: 92 creatures vanquished

Notes
Turn   | Place    | Note
-------+----------+-------------------------------------------
     0 | D:1      | HallandMoats the Ghoul Fighter began the quest for the Orb.
     0 | D:1      | Reached XP level 1. HP: 19/19 MP: 0/0
   205 | D:1      | Reached XP level 2. HP: 24/26 MP: 1/1
   564 | D:2      | Reached XP level 3. HP: 31/33 MP: 2/2
   892 | D:2      | Found Juodudghu's Jewellery Emporium.
  1209 | D:2      | Reached skill level 1 in Dodging
  1209 | D:2      | Reached XP level 4. HP: 26/40 MP: 3/3
  2082 | D:3      | Reached skill level 4 in Fighting
  2082 | D:3      | Reached skill level 1 in Invocations
  2395 | D:3      | Reached XP level 5. HP: 46/46 MP: 4/4
  2562 | D:4      | Noticed an ogre
  2573 | D:4      | Killed an ogre
  2600 | D:4      | Noticed Grinder
  2603 | D:4      | Paralysed by Grinder for 7 turns
  2613 | D:4      | Killed Grinder
  2614 | D:4      | Reached XP level 6. HP: 54/55 MP: 5/7
  2614 | D:4      | Reached XP level 7. HP: 59/60 MP: 5/8
  2900 | D:4      | Reached skill level 5 in Fighting
  3088 | D:4      | Found a shimmering blue altar of Sif Muna.
  3393 | D:5      | Entered Level 5 of the Dungeon
  3393 | D:5      | Found a staircase to the Ecumenical Temple.
  3401 | Temple   | Entered the Ecumenical Temple
  3600 | Temple   | Became a worshipper of Warmaster Okawaru
  3632 | D:5      | Found a glowing drain.
  3667 | Sewer    | Entered a sewer
  3959 | D:5      | Reached XP level 8. HP: 25/69 MP: 9/9
  4191 | D:5      | Noticed Menkaure
  4228 | D:5      | Killed Menkaure
  4399 | D:5      | Noticed Pikel
  4413 | D:5      | Found a runed translucent gate.
  4413 | D:5      | Found a runed translucent gate.
  4413 | D:5      | Found a runed translucent gate.
  4452 | D:5      | Reached skill level 6 in Fighting
  4464 | D:5      | Killed Pikel
  4464 | D:5      | Reached * piety under Okawaru
  4465 | D:5      | Reached skill level 5 in Axes
  4465 | D:5      | Reached skill level 5 in Invocations
  4473 | D:5      | Reached XP level 9. HP: 44/78 MP: 8/11
  4675 | D:5      | Slain by an unseen horror

Illustrated notes

Levels and vault maps discovered:
D:1:      lemuel_arrival_cross, layout_rooms
D:2:      kennysheep_big_flooded_room, layout_loops_corners, serial_shops,
          nicolae_square_shop, chequers_serial_rivers_large_a,
          chequers_big_river, wander_ebering_terrifying_dragon_lair
D:3:      layout_basic, mainiacjoe_overflow_concentric_impassable, hex_large,
          minmay_misc_feat_alley, grunt_decor_one_mirror, chequers_garden
D:4:      layout_gridville, mainiacjoe_overflow_boulevard, serial_bayou_ford_a,
          minmay_between, uniq_grinder
D:5:      layout_rooms, grunt_nemelex_the_gamble, minmay_temple_entry_grid,
          portal_sewer_entry_f, gammafunk_ghost_necromancy,
          gup_ossuary_entry_pyramid, dk_noncrumbling_3, uniq_pikel,
          uniq_menkaure
Temple:   eino_temple_scatter_basement

Skill      XL: |  1  2  3  4  5  6  7  8 |
---------------+-------------------------+-----
Axes           | 2 3 4 5 |  5.1
Armour         | 3 4 |  4.3
Dodging        | 1 2 3 |  3.0
Fighting       | 4 5 6 |  6.6
Shields        | 3 4 |  4.2
Invocations    | 1 2 3 5 |  5.2

Action                   |  1- 3 |  4- 6 |  7- 9 || total
-------------------------+-------+-------+-------++-------
Melee: Whip              |    80 |    65 |   204 ||   349
       War axe           |     5 |       |       ||     5
Invok: Heroism           |       |       |     1 ||     1
  Use: Potion            |       |     1 |     3 ||     4
       Scroll            |       |       |     4 ||     4
Armor: Scale mail        |    33 |    31 |    17 ||    81
       Ice dragon scales |       |       |   108 ||   108
Dodge: Dodged            |    37 |    14 |    73 ||   124
Block: Buckler           |    13 |     7 |    34 ||    54

Table legend: (Time is in decaauts)
 A = Elapsed time spent in this place.
 B = Non-inter-level travel time spent in this place.
 C = Inter-level travel time spent in this place.
 D = Time resting spent in this place.
 E = Time spent auto-exploring this place.
 F = Levels seen in this place.
 G = Mean time per level.
                   A        B        C        D        E       F      G
               +--------+--------+--------+--------+--------+-----+--------+
         Total |   4744 |   4630 |    114 |      4 |   3693 |   7 |  677.7 |
       Dungeon |   4278 |   4192 |     86 |      4 |   3397 |   5 |  855.6 |
        Temple |    220 |    192 |     28 |      0 |    165 |   1 |  220.0 |
         Sewer |    244 |    244 |      0 |      0 |    131 |   1 |  244.0 |
               +--------+--------+--------+--------+--------+-----+--------+

Top non-repeatable levels by time:
     D:2: 1292 daAuts
     D:4: 944 daAuts
     D:5: 840 daAuts
     D:3: 647 daAuts
     D:1: 552 daAuts
   Sewer: 244 daAuts
  Temple: 220 daAuts
